 Dungeon Crawl Stone Soup version 0.17-a0-1949-g1acca9a (webtiles) character file.

80229 Ordine the Warrior (level 15, -1/141 HPs)
             Began as a Minotaur Gladiator on Oct 2, 2015.
             Was a High Priest of Okawaru.
             Slain by Rupert
             ... wielding a +3 great mace of protection
              (27 damage)
             ... on level 2 of the Orcish Mines.
             The game lasted 01:23:58 (20196 turns).

Ordine the Warrior (Minotaur Gladiator)            Turns: 20196, Time: 01:23:58

Health: -1/141     AC: 19    Str: 20    XL:     15   Next: 23%
Magic:  17/21      EV: 19    Int:  8    God:    Okawaru [*****.]
Gold:   1760       SH:  0    Dex: 15    Spells: 1 memorised, 11 levels left

rFire  . . .     SeeInvis .     g - +2 lajatang
rCold  . . .     Clarity  +     M - +2 chain mail {rPois}
rNeg   . . .     SustAt   +     (no shield)
rPois  +         Gourm    .     (helmet unavailable)
rElec  .         Spirit   .     (no cloak)
rCorr  .         Warding  .     F - +0 pair of gloves "Nopacil" {+Fly MR+ Int+3 Dex-2}
rMut   .         Stasis   .     p - +1 pair of boots
MR     ++...                    P - amulet of rage
Stlth  ..........               w - +1 ring of evasion
                                n - ring of sustain attributes

@: finesse, very slightly contaminated, invisible, very resistant to hostile
enchantments, extremely unstealthy
A: retaliatory headbutt, horns 3, repulsion field 1, camouflage 1, clarity,
evolution 1
a: Heroism, Finesse, Renounce Religion, Evoke Berserk Rage, Evoke Flight


You were on level 2 of the Orcish Mines.
You worshipped Okawaru.
Okawaru was extremely pleased with you.
You were very hungry.

You visited 4 branches of the dungeon, and saw 21 of its levels.

You collected 1760 gold pieces.

Inventory:

Hand weapons
 g - a +2 lajatang (weapon)
 B - a +2 quarterstaff of draining
Armour
 c - a +1 buckler of fire resistance
 p - a +1 pair of boots (worn)
 F - the +0 pair of gloves "Nopacil" (worn) {+Fly MR+ Int+3 Dex-2}
   (Okawaru gifted it to you on level 7 of the Lair of Beasts)

   It affects your intelligence (+3).
   It affects your dexterity (-2).
   It affects your resistance to hostile enchantments.
   It lets you fly.
 M - a +2 chain mail of poison resistance (worn)
Jewellery
 n - a ring of sustain attributes (left hand)
 w - a +1 ring of evasion (right hand)
 P - an amulet of rage (around neck)
Magical devices
 y - a wand of digging (24)
 O - a wand of lightning (5)
 Q - a wand of cold (0)
Scrolls
 j - 8 scrolls of remove curse
 v - 8 scrolls of teleportation
 R - a scroll of silence
Potions
 m - 5 potions of curing
 H - 2 potions of might
 J - 2 potions of agility
Miscellaneous
 h - a stone of tremors
Comestibles
 a - 20 chunks of flesh
 b - 31 fruits


   Skills:
 - Level 15.2 Fighting
 - Level 14.0 Staves
 - Level 2.0 Throwing
 - Level 15.1 Armour
 - Level 14.3 Dodging
 - Level 10.0 Invocations
 + Level 2.4 Evocations


You had 11 spell levels left.
You knew the following spells:

 Your Spells              Type           Power        Failure   Level  Hunger
a - Stone Arrow           Conj/Erth      #.....       100%        3    ####...


Dungeon Overview and Level Annotations

Branches:
Dungeon (10/15)            Temple (1/1) D:5            Lair (8/8) D:10
 Shoals (0/4) Lair:5       Spider (0/4) Lair:6        Slime (0/6) Lair:7
    Orc (2/4) D:9

Altars:
Ashenzari
Cheibriados
Dithmenos
Elyvilon
Fedhas
Gozag
Kikubaaqudgha
Makhleb
Nemelex Xobeh
Okawaru
Qazlal
Ru
Sif Muna
Trog
Vehumet
Xom
Yredelemnul
Zin
The Shining One
Jiyva

Shops:
Orc:2 =

Annotations:
Orc:2 Rupert


Innate Abilities, Weirdness & Mutations

You reflexively headbutt those who attack you in melee.
You have a pair of large horns on your head.
You are surrounded by a mild repulsion field (EV +2).
Your skin changes colour to match your surroundings (Stealth).
You possess an exceptional clarity of mind.
You evolve.


Message History

Rupert is almost dead.
You hit Rupert.
Rupert is almost dead.
You hit Rupert but do no damage.
Rupert is almost dead.
The ogre barely misses you. You furiously retaliate!
You headbutt the ogre!!
Rupert hits you with a great mace of protection!
* * * LOW HITPOINT WARNING * * *
A warg comes into view.
The warg howls!
You hear a shout!
Items here: )) [[ † a short sword; a chain mail; a dagger; a robe; an orc corpse Rupert hits you with a great mace of protection!
* * * LOW HITPOINT WARNING * * *
Drink which item? (? for menu, Esc to quit)
You fade into invisibility!
Rupert completely misses you. The ogre closely misses you.
You are very lightly contaminated with residual magic.
Rupert hits you with a great mace of protection!!
You die...

#... ........# ....
##∩.....# ..##......
##.#....# ... #....))##
#... #### ####.O.).)# ....
###..# ##.#.#h....##..#
#.#..####....@##.......#
###.....##...@..#......##
###..............###.....#
##.#...#......##...###..###
#......#.#.....##...#.#.#
......####....###......##
###....##......#......##
#................#.##
###........).)....####
.#.##......#......#


You could see Rupert (berserk), a warg and an ogre.

Vanquished Creatures
  Kirke (Lair:6)
  Nessos (Lair:7)
  Snorg (Lair:4)
  7 hydras
  A catoblepas (Lair:7)
  Erica (D:10)
  11 death yaks
  Sonja (Lair:2)
  Nergalle (Lair:2)
  The ghost of Grim the Basher, an experienced OgBe of Trog (D:7)
  2 hill giants (D:10)
  An orc sorcerer (Orc:2)
  3 griffons
  6 black mambas
  19 elephants
  7 komodo dragons
  11 spiny frogs
  2 spriggan druids (Lair:8)
  A troll (D:9)
  4 fire drakes
  A snapping turtle (Lair:5)
  10 polar bears (Lair:8)
  2 boulder beetles
  31 blink frogs
  3 redbacks (Lair:8)
  9 spriggans (Lair:8)
  3 basilisks
  4 wyverns
  A deep elf mage (D:10)
  A wraith (D:9)
  3 hogs
  Eustachio (D:5)
  3 hungry ghosts (D:9)
  11 hippogriffs
  38 wolves
  95 yaks
  Edmund (D:5)
  A warg (Orc:1)
  19 water moccasins
  A steam dragon (Lair:4)
  10 porcupines
  Duvessa (D:7)
  9 ogres
  3 black bears (Lair:8)
  10 orc warriors
  3 wasps
  3 sky beasts
  2 centaurs (D:6)
  2 ice beasts
  4 phantoms
  2 big kobolds
  14 crocodiles
  Blork the orc (D:5)
  17 giant frogs
  2 wyvern zombies
  Dowan (D:7)
  A troll zombie (D:9)
  4 scorpions
  6 wights
  4 electric eels
  6 killer bees (D:9)
  A lava snake (Lair:4)
  6 crimson imps
  5 hounds
  A giant frog zombie (D:7)
  4 giant frog skeletons
  2 jellies (D:10)
  8 orc priests
  A gnoll shaman (D:9)
  6 iguanas
  A centaur skeleton (D:5)
  8 worker ants
  8 orc wizards
  19 sheep
  A hell rat (Lair:7)
  5 ogre zombies (D:9)
  4 hound skeletons
  A hound zombie (D:5)
  A worker ant zombie (D:10)
  9 gnolls
  50 river rats
  10 adders
  A shadow imp (D:7)
  3 oozes
  4 worms
  2 adder skeletons
  6 giant geckos
  74 orcs
  2 ball pythons
  2 gnoll zombies (D:5)
  4 hobgoblins
  3 jackals (D:1)
  3 quokkas
  4 bats
  3 giant cockroaches
  A giant gecko skeleton (D:7)
  7 giant newts
  9 goblins
  A goblin skeleton (D:9)
  3 goblin zombies (D:9)
  A hobgoblin skeleton (D:9)
  A jackal skeleton (D:7)
  18 kobolds
  2 orc skeletons (D:9)
  12 orc zombies (D:9)
  A quokka skeleton (D:6)
  16 rats
  A plant (Lair:1)
760 creatures vanquished.

Vanquished Creatures (collateral kills)
  A plant (Lair:4)
1 creature vanquished.

Vanquished Creatures (others)
  A human (Lair:6)
  16 fungi
  15 plants
32 creatures vanquished.

Grand Total: 793 creatures vanquished

Notes
Turn   | Place    | Note
--------------------------------------------------------------
     0 | D:1      | Ordine the Minotaur Gladiator began the quest for the Orb.
     0 | D:1      | Reached XP level 1. HP: 18/18 MP: 0/0
    80 | D:1      | Reached skill level 4 in Staves
   171 | D:1      | Reached XP level 2. HP: 25/25 MP: 1/1
   323 | D:1      | Reached skill level 5 in Staves
   450 | D:1      | Reached XP level 3. HP: 30/30 MP: 2/2
  1411 | D:3      | Reached XP level 4. HP: 37/37 MP: 3/3
  1577 | D:3      | Reached skill level 6 in Staves
  1689 | D:3      | Found a deep blue altar of Sif Muna.
  1767 | D:4      | Noticed an ogre
  1767 | D:4      | Noticed an orc warrior
  1846 | D:5      | Entered Level 5 of the Dungeon
  1863 | D:5      | Killed an orc warrior
  1863 | D:5      | Reached skill level 7 in Staves
  1863 | D:5      | Reached XP level 5. HP: 15/42 MP: 4/4
  2062 | D:4      | Reached skill level 8 in Staves
  2074 | D:4      | Reached XP level 6. HP: 47/50 MP: 5/5
  2092 | D:4      | Killed an ogre
  2098 | D:4      | Reached skill level 9 in Staves
  2274 | D:4      | Noticed an ogre
  2278 | D:4      | Killed an ogre
  2278 | D:4      | Reached XP level 7. HP: 42/56 MP: 6/6
  2505 | D:4      | Reached skill level 10 in Staves
  2854 | D:5      | Noticed Blork the orc
  2862 | D:5      | Killed Blork the orc
  2901 | D:5      | Found a burning altar of Makhleb.
  2902 | D:5      | Found an iron altar of Okawaru.
  2907 | D:5      | Became a worshipper of Warmaster Okawaru
  3155 | D:5      | Reached skill level 11 in Staves
  3158 | D:5      | Found a basalt altar of Yredelemnul.
  3301 | D:5      | Noticed Edmund
  3302 | D:5      | Noticed Eustachio
  3320 | D:5      | Killed Edmund
  3330 | D:5      | Killed Eustachio
  3330 | D:5      | Reached XP level 8. HP: 45/62 MP: 7/7
  3414 | D:5      | Reached skill level 12 in Staves
  3440 | D:5      | Noticed an ogre
  3446 | D:5      | Killed an ogre
  3446 | D:5      | Acquired Okawaru's first power
  3462 | D:5      | Found a staircase to the Ecumenical Temple.
  3475 | Temple   | Entered the Ecumenical Temple
  3709 | D:5      | Noticed a sky beast
  3721 | D:5      | Killed a sky beast
  3725 | D:5      | Gained mutation: You are dopey. (Int -2) [mutagenic meat]
  3726 | D:5      | Gained mutation: You occasionally shout uncontrollably at your foes. [mutagenic meat]
  3727 | D:5      | Gained mutation: You possess an exceptional clarity of mind. [mutagenic meat]
  3728 | D:5      | Gained mutation: You are clumsy. (Dex -2) [mutagenic meat]
  3729 | D:5      | Gained mutation: You are partially covered in iridescent scales (AC +4). [mutagenic meat]
  4151 | D:6      | Reached skill level 13 in Staves
  4178 | D:6      | Got a crude scale mail
  4198 | D:6      | Lost mutation: You possess an exceptional clarity of mind. [mutagenic meat]
  4199 | D:6      | Lost mutation: You are partially covered in iridescent scales (AC +4). [mutagenic meat]
  4200 | D:6      | Gained mutation: Your muscles are strong. (Str +2) [mutagenic meat]
  4211 | D:6      | Identified the +1 scale mail of Contentment {+Blink rC- Int-3 Slay+3} (You found it on level 6 of the Dungeon)
  4211 | D:6      | Lost intelligence.
  4849 | D:6      | Reached XP level 9. HP: 62/68 MP: 8/8
  4862 | D:6      | Identified the Papyrus of Conjuration
  4883 | D:6      | Reached skill level 14 in Staves
  4935 | D:6      | Learned a level 3 spell: Stone Arrow
  4995 | D:6      | Reached skill level 1 in Armour
  5390 | D:7      | Noticed Duvessa
  5390 | D:7      | Noticed Dowan
  5405 | D:7      | Killed Duvessa
  5418 | D:7      | Killed Dowan
  5671 | D:7      | Reached skill level 5 in Dodging
  5813 | D:7      | Reached skill level 5 in Fighting
  5967 | D:7      | Noticed Grim's ghost (experienced OgBe)
  5985 | D:7      | Killed Grim's ghost
  5985 | D:7      | Reached skill level 5 in Armour
  5985 | D:7      | Reached XP level 10. HP: 81/83 MP: 9/9
  6632 | D:8      | Found a bloodstained altar of Trog.
  6719 | D:8      | Lost mutation: You occasionally shout uncontrollably at your foes. [potion of cure mutation]
  6719 | D:8      | Lost mutation: You are dopey. (Int -2) [potion of cure mutation]
  6719 | D:8      | Lost mutation: You are clumsy. (Dex -2) [potion of cure mutation]
  6719 | D:8      | Lost mutation: Your muscles are strong. (Str +2) [potion of cure mutation]
  6729 | D:8      | Found a shimmering altar of Xom.
  7159 | D:9      | Found a staircase to the Orcish Mines.
  7467 | D:9      | Acquired Okawaru's second power
  8094 | D:9      | Found a blossoming altar of Fedhas.
  8158 | D:10     | Entered Level 10 of the Dungeon
  8439 | D:10     | Noticed Erica
  8451 | D:10     | Killed Erica
  8451 | D:10     | Reached XP level 11. HP: 85/97 MP: 7/10
  8620 | D:10     | Found a staircase to the Lair.
  8696 | D:10     | Identified the Almanac of Burning Attacks
  8716 | D:10     | Noticed a hill giant
  8744 | D:10     | Killed a hill giant
  8881 | D:10     | Noticed a hill giant
  8890 | D:10     | Killed a hill giant
  9340 | Lair:1   | Entered Level 1 of the Lair of Beasts
  9362 | Lair:1   | Reached skill level 10 in Fighting
  9461 | Lair:1   | Received a gift from Okawaru
  9472 | Lair:1   | Reached skill level 10 in Armour
 10487 | Lair:2   | Noticed Nergalle
 10524 | Lair:2   | Killed Nergalle
 10550 | Lair:2   | Reached skill level 10 in Dodging
 10795 | Lair:2   | Reached XP level 12. HP: 22/110 MP: 11/11
 11042 | Lair:2   | Noticed Sonja
 11416 | Lair:2   | Killed Sonja
 12503 | Lair:3   | Reached skill level 5 in Invocations
 12793 | Lair:3   | Received a gift from Okawaru
 13639 | Lair:4   | Noticed a seven-headed hydra
 13668 | Lair:4   | Killed a seven-headed hydra
 13710 | Lair:4   | Noticed Snorg
 13720 | Lair:4   | Killed Snorg
 13944 | Lair:4   | Reached skill level 10 in Invocations
 14316 | Lair:5   | Reached XP level 13. HP: 55/116 MP: 19/19
 14832 | Lair:5   | Received a gift from Okawaru
 14833 | Lair:5   | Got an ichor-stained robe {god gift}
 14844 | Lair:5   | Identified the +0 robe of Dishonour {*Corrode rC+ MR+++ Stlth-} (Okawaru gifted it to you on level 5 of the Lair of Beasts)
 14949 | Lair:5   | Found a basalt altar of Yredelemnul.
 15050 | Lair:5   | Gained mutation: Your skin changes colour to match your surroundings (Stealth). [potion of mutation]
 15050 | Lair:5   | Gained mutation: You are surrounded by a mild repulsion field (EV +2). [potion of mutation]
 15050 | Lair:5   | Gained mutation: You have a pair of large horns on your head. [potion of mutation]
 15051 | Lair:5   | Gained mutation: Scrolls take you a little longer to read. [potion of mutation]
 15051 | Lair:5   | Gained mutation: You possess an exceptional clarity of mind. [potion of mutation]
 15051 | Lair:5   | Gained mutation: You evolve. [potion of mutation]
 15172 | Lair:5   | Found a staircase to the Shoals.
 15770 | Lair:6   | Noticed Kirke
 16174 | Lair:6   | Found a hole to the Spider Nest.
 16237 | Lair:6   | Lost mutation: Scrolls take you a little longer to read. [evolution]
 16299 | Lair:6   | Killed Kirke
 16299 | Lair:6   | Received a gift from Okawaru
 16586 | Lair:6   | Reached XP level 14. HP: 115/129 MP: 20/20
 16825 | Lair:7   | Noticed Nessos
 16859 | Lair:7   | Killed Nessos
 16867 | Lair:7   | Found a viscous altar of Jiyva.
 16997 | Lair:7   | Found a staircase to the Slime Pits.
 17207 | Lair:7   | Received a gift from Okawaru
 17213 | Lair:7   | Got a pair of faintly humming gloves {god gift}
 17224 | Lair:7   | Identified the +0 pair of gloves "Nopacil" {+Fly MR+ Int+3 Dex-2} (Okawaru gifted it to you on level 7 of the Lair of Beasts)
 18168 | Lair:8   | Entered Level 8 of the Lair of Beasts
 18213 | Lair:8   | Received a gift from Okawaru
 18548 | Lair:8   | Identified the Papyrus of the Rocks
 18569 | Lair:8   | Reached XP level 15. HP: 120/139 MP: 21/21
 18598 | Lair:8   | Reached skill level 15 in Armour
 18730 | Lair:8   | Reached skill level 15 in Fighting
 19109 | Lair:8   | Reached skill level 1 in Evocations
 19132 | Lair:8   | Gained mutation: You are agile. (Dex +2) [potion of mutation]
 19132 | Lair:8   | Lost mutation: You are agile. (Dex +2) [potion of mutation]
 19694 | Orc:1    | Entered Level 1 of the Orcish Mines
 19823 | Orc:1    | Received a gift from Okawaru
 20156 | Orc:2    | Found Apeiwyal's Jewellery Boutique.
 20160 | Orc:2    | Noticed Rupert
 20196 | Orc:2    | Slain by Rupert

Vault maps used:
D:1:      eino_arrival_cavern_a
D:3:      lemuel_blue_sif_altar, first_bread, hangedman_decor_peaks_small
D:5:      lemuel_zombie_altar_yredelemnul, gammafunk_temple_overflow_statue,
          temple_hall, uniq_blork_the_orc, uniq_eustachio, uniq_edmund
D:6:      dk_rats_in_the_wall
D:7:      grunt_ogre_cave, supply_closet_lemuel, uniq_duvessa
D:8:      overflow_temple_1_default, basic_altar
D:9:      fedhas_altar_4, zombieorc1_lemuel, serial_curves, eino_curves_02,
          eino_curves_04, nrook_loot_triangle
D:10:     minmay_lair_entry_lava, uniq_erica
Temple:   nicolae_temple_god_jail
Lair:1:   serial_bayou_pond_c, serial_bayou_shore_a
Lair:2:   uniq_nergalle, uniq_sonja
Lair:3:   grunt_megastairs_4, lemuel_fruit_tree, infiniplex_staircase_pool_2
Lair:4:   uniq_snorg
Lair:5:   minmay_shoals_entry_hut, basic_altar, grunt_forest_small_clearings,
          cheibrodos_lair_reptile_den
Lair:6:   dummy_spider_entry, uniq_kirke
Lair:7:   kennysheep_abandoned_house, slime_altar_1, uniq_nessos
Lair:8:   minmay_lair_end_enchanted_forest
Orc:1:    serial_shops, shop_statue
Orc:2:    serial_shops, shop, uniq_rupert, uniq_fannar

Action                   |  1- 3 |  4- 6 |  7- 9 | 10-12 | 13-15 || total
-------------------------+-------+-------+-------+-------+-------++-------
Melee: Quarterstaff      |    86 |    87 |   354 |   943 |   265 ||  1735
       Lajatang          |       |       |       |   125 |   855 ||   980
       Unarmed           |       |       |       |       |    11 ||    11
Invok: Heroism           |       |       |       |    10 |     6 ||    16
       Finesse           |       |       |       |     3 |    13 ||    16
Evoke: Wand              |       |       |       |     3 |       ||     3
       Stone of tremors  |       |       |       |     1 |       ||     1
  Use: Scroll            |     5 |     4 |    11 |    13 |     6 ||    39
       Potion            |       |     3 |       |     9 |     9 ||    21
  Eat: Chunk             |     2 |       |    18 |    29 |    25 ||    74
       Bread ration      |       |     1 |       |       |       ||     1
       Beef jerky        |       |       |       |     2 |       ||     2
